 Dungeon Crawl Stone Soup version 0.31-a0-198-g2ad674f65e (webtiles) character file.

Game seed: 3506306381890788945

37 qw the Shooter (level 3, 0/20 HPs)
             Began as a Deep Elf Hunter on June 25, 2023.
             Slain by a worm (8 damage)
             ... on level 2 of the Dungeon.
             The game lasted 00:00:27 (898 turns).

qw the Shooter (Deep Elf Hunter)                     Turns: 898, Time: 00:00:27

Health: 0/20       AC:  5    Str: 10    XL:     3   Next: 21%
Magic:  5/5        EV: 11    Int: 13    God:
Gold:   29         SH:  0    Dex: 18    Spells: 2/2 levels left

rFire   . . .        Y - +0 shortbow
rCold   . . .        (shield currently unavailable)
rNeg    . . .        d - +0 ring mail
rPois   .            (no helmet)
rElec   .            (no cloak)
rCorr   .            (no gloves)
SInv    .            (no boots)
Will    .....        (no amulet)
Stlth   +            (no ring)
HPRegen 0.23/turn    (no ring)
MPRegen 0.09/turn

%: no passive effects
@: no status effects
A: no striking features
a: no special abilities


You were on level 2 of the Dungeon.
You visited 1 branch of the dungeon, and saw 2 of its levels.

You collected 29 gold pieces.


   Skills:
 - Level 1.5 Fighting
 + Level 6.8 Ranged Weapons
 - Level 2.4 Dodging
 - Level 1.2 Stealth


You had 2 spell levels left.
You didn't know any spells.
Your spell library was empty.

Inventory:

Hand Weapons
 Y - a +0 shortbow (weapon)
Armour
 d - a +0 ring mail (worn)
Scrolls
 a - a scroll of identify
Potions
 c - a potion of curing {unknown}
 e - a potion of experience {unknown}
 g - a potion of heal wounds

Dungeon Overview and Level Annotations

Branches:
Dungeon (2/15)

Altars:


Message History

You shoot an arrow. The arrow misses the quokka.
You shoot an arrow. The arrow hits the quokka.
The quokka is severely wounded.
The quokka bites you.
You shoot an arrow. The arrow hits the quokka.
The quokka is almost dead.
The quokka barely misses you.
You shoot an arrow. The arrow barely misses the quokka.
The quokka bites you but does no damage.
The quokka bites you.
You shoot an arrow. The arrow closely misses the quokka.
The quokka bites you.
You shoot an arrow. The arrow barely misses the quokka.
The quokka bites you but does no damage. x2
You shoot an arrow. The arrow misses the quokka.
The quokka bites you but does no damage.
You shoot an arrow. The arrow hits the quokka.
You kill the quokka!
You shoot an arrow. The arrow barely misses the worm.
The worm bites you!
Ouch! That really hurt!
You shoot an arrow. The arrow hits the worm!
The worm is heavily wounded.
You shoot an arrow. The arrow barely misses the worm.
The worm barely misses you.
You shoot an arrow.
The arrow hits the worm but does no damage.
The worm is heavily wounded.
The worm completely misses you.
You shoot an arrow.
The arrow hits the worm but does no damage.
The worm is moderately wounded.
The worm misses you.
You shoot an arrow.
The arrow hits the worm but does no damage.
The worm is moderately wounded.
You shoot an arrow. The arrow hits the worm.
The worm is moderately wounded.
The worm bites you!
You die...

##..# #.#
#.# #
#.)######.#
#.# #
#..........
..# #
#.#######.#
### # #.#
.# # #.# .#
# #.# #
##w# # #@.#
# #[## #
#.# #.# )..
... ....
.....


You could see a worm.

Vanquished Creatures
  An adder (D:2)
  A dart slug (D:1)
  2 ball pythons
  3 bats (D:1)
  2 endoplasms (D:1)
  A giant cockroach (D:1)
  3 hobgoblins (D:1)
  4 kobolds
  2 quokkas
  A goblin (D:2)
  4 rats
24 creatures vanquished.

Notes
Turn   | Place    | Note
-------+----------+-------------------------------------------
     0 | D:1      | qw the Deep Elf Hunter began the quest for the Orb.
     0 | D:1      | Reached XP level 1. HP: 12/12 MP: 3/3
     0 | D:1      | 0 ||| qw: Version: 0.3-a-22-g0ed2b0b
     0 | D:1      | 0 ||| qw: Game counter: 5292
     0 | D:1      | 0 ||| qw: Melee chars always use a shield: true
     0 | D:1      | 0 ||| qw: God list: Okawaru
     0 | D:1      | 0 ||| qw: Allow faded altars: false
     0 | D:1      | 0 ||| qw: Do Orc after clearing Dungeon:15 true
     0 | D:1      | 0 ||| qw: Do second Lair branch before Depths: true
     0 | D:1      | 0 ||| qw: Lair rune preference: random
     0 | D:1      | 0 ||| qw: Goals: Normal
     0 | D:1      | 0 ||| PLANNING D:1-11
    15 | D:1      | Noticed a shining eye
    17 | D:1      | Found a faded altar of an unknown god.
    32 | D:1      | Noticed a shining eye
    32 | D:1      | Noticed a great orb of eyes
    32 | D:1      | Noticed a floating eye
   256 | D:1      | Reached skill level 6 in Ranged Weapons
   256 | D:1      | Reached XP level 2. HP: 8/16 MP: 4/4
   691 | D:1      | 691 ||| UPGRADING to +0 ring mail.
   701 | D:1      | 701 ||| DROPPING +0 leather armour.
   702 | D:1      | 702 ||| READING 2 scrolls labelled UQERAOQEDA.
   703 | D:1      | 703 ||| READING scroll labelled ZANIXZ MIENKO.
   704 | D:1      | 704 ||| DRINKING 2 fizzy puce potions.
   705 | D:1      | 705 ||| DROPPING scroll of blinking.
   706 | D:1      | 706 ||| DROPPING scroll of butterflies.
   803 | D:2      | Reached XP level 3. HP: 6/20 MP: 5/5
   803 | D:2      | 803 ||| FLEEEEING.
   804 | D:2      | 804 ||| FLEEEEING.
   806 | D:2      | 806 ||| FLEEEEING.
   807 | D:2      | 807 ||| FLEEEEING.
   808 | D:2      | 808 ||| FLEEEEING.
   809 | D:2      | 809 ||| FLEEEEING.
   813 | D:2      | 813 ||| FLEEEEING.
   814 | D:2      | 814 ||| FLEEEEING.
   815 | D:2      | 815 ||| FLEEEEING.
   816 | D:2      | 816 ||| FLEEEEING.
   825 | D:2      | 825 ||| STAIRDANCE
   860 | D:1      | 860 ||| READING scroll labelled CIUCUSH YMOM.
   898 | D:2      | Slain by a worm

Levels and vault maps discovered:
D:1:      heliophobic_arrival_henge, layout_loops_cross,
          hellmonk_ecumenical_altar_watching_god, minmay_misc_feat_ornament
D:2:      layout_loops_ring

Skill      XL: |  1 |
---------------+----+-----
Ranged Weapons | 6 |  6.8
Fighting       | |  1.5
Dodging        | |  2.4
Stealth        | |  1.2

Action                     || total
---------------------------++-------
   Fire: Shortbow          ||    96
    Use: Scroll            ||     3
         Potion            ||     1
 Armour: Leather armour    ||    11
         Ring mail         ||    10
  Dodge: Dodged            ||    25

Table legend:
 A = Non-vault XP
 B = Vault XP
 C = Vault XP percentage of total XP
 D = Non-vault monster count
 E = Vault monster count
 F = Vault count percentage of total count
                 A         B        C        D         E       F
            +---------+---------+-------+---------+---------+-------
      Total |      53 |       0 |   0.0 |      24 |       0 |   0.0
            +---------+---------+-------+---------+---------+-------
        D:1 |      30 |       0 |   0.0 |      16 |       0 |   0.0
        D:2 |      23 |       0 |   0.0 |       8 |       0 |   0.0
            +---------+---------+-------+---------+---------+-------
